 Dungeon Crawl Stone Soup version 0.28-a0-1199-gef9e1dbd39 (webtiles) character file.

Game seed: 13002038082665965073

417 sanka the Agent of Entropy (level 6, -8/50 HPs)
             Began as a Palentonga Abyssal Knight on Dec 19, 2021.
             Was a Priest of Lugonu.
             Mangled by a mummy (17 damage)
             ... in an ossuary.
             The game lasted 00:07:16 (4032 turns).

sanka the Agent of Entropy (PaAK)                   Turns: 4032, Time: 00:07:17

Health: -8/50      AC:  4    Str: 19    XL:     6   Next: 61%
Magic:  10/10      EV:  9    Int: 10    God:    Lugonu [***...]
Gold:   188        SH:  4    Dex: 10    Spells: 5/5 levels left

rFire   . . .      SeeInvis +   b - +0 flail
rCold   . . .      Faith    .   h - +0 buckler
rNeg    . . .      Spirit   .   v - +0 leather armour
rPois   .          Reflect  .   (no helmet)
rElec   .          Harm     .   (no cloak)
rCorr   .          Rampage  .   (no gloves)
Will    .....                   (no barding)
Stlth   +.........              p - amulet of magic regeneration
HPRegen 0.16/turn               (no ring)
MPRegen 0.52/turn               l - ring of wizardry

@: no status effects
A: large, rugged brown scales 3, see invisible, deformed body, roll 1, armoured
tail
a: Rolling Charge, Renounce Religion, Depart the Abyss, Bend Space, Banish


You were in an ossuary.
You worshipped Lugonu.
Lugonu was most pleased with you.
You visited 1 branch of the dungeon, and saw 4 of its levels.
You visited the Abyss 1 time.
You also visited: Ossuary.

You collected 188 gold pieces.


Innate Abilities, Weirdness & Mutations

You are completely covered in rugged brown scales. (AC +3, +7% HP)
You have supernaturally acute eyesight. (SInv)
Armour fits poorly on your strangely shaped body.
You can roll at nearby foes to attack.
You have a long armoured tail.


   Skills:
 - Level 3.0 Fighting
 * Level 4.3 Maces & Flails
 - Level 1.5 Armour
 - Level 0.7 Dodging
 - Level 2.4 Shields
 + Level 5.3 Invocations


You had 5 spell levels left.
You didn't know any spells.
Your spell library contained the following spells:

 Spells                   Type           Power      Damage    Failure   Level
 Ignite Poison            Fire/Tmut/Pois 0%         N/A       45%         3
 Mephitic Cloud           Conj/Pois/Air  0%         N/A       45%         3
 Freezing Cloud           Conj/Ice/Air   0%         6-21      99%         5

Inventory:

Hand Weapons
 a - a +2 spear of venom
 b - a +0 flail (weapon)
Missiles
 e - a throwing net {=f}
Armour
 h - a +0 buckler (worn)
 v - a +0 leather armour (worn)
Jewellery
 c - a ring of fire
 l - a ring of wizardry (right hand)
 p - an amulet of magic regeneration (around neck)
Wands
 q - a wand of iceblast (17)
Scrolls
 f - a scroll of amnesia {unknown}
 j - a scroll of fog {unknown}
 m - a scroll of summoning {unknown}
 o - a scroll of vulnerability {unknown}
 r - a scroll of silence {unknown}
 s - a scroll of magic mapping {unknown}
 u - a scroll of holy word {unknown}
Potions
 d - 2 potions of haste {unknown}
 g - a potion of heal wounds {unknown}
 i - a potion of might {unknown}
 k - 2 potions of curing {unknown}
 n - a potion of magic {unknown}
 t - a potion of flight {unknown}

Dungeon Overview and Level Annotations

Branches:
Dungeon (4/15)            Ossuary (1/1)
 Temple: D:4-7

Altars:

▒.....M..▒
▒M.....▒
▒....▒
▒..M.▒
▒....▒
▒....▒
▒....▒
▒....▒
▒H...▒
▒.M..▒
▒.∩∩.▒
▒▒▒▒▒▒


You could see 3 mummies.


Message History

You barely miss the mummy. The mummy hits you!
You hit the mummy but do no damage.
You tail-slap the mummy, but do no damage.
The mummy hits you!
* * * LOW HITPOINT WARNING * * *
You hit the mummy.
The mummy is lightly damaged.
The mummy hits you.
* * * LOW HITPOINT WARNING * * *
You barely miss the mummy.
The mummy is lightly damaged.
You roll forward with a clatter of scales!
You hit the mummy.
The mummy is lightly damaged.
You block the mummy's attack.
You hit the mummy but do no damage.
The mummy is lightly damaged.
You hit the mummy but do no damage.
Your tail-slap misses the mummy.
The mummy is lightly damaged.
The mummy hits you!
* * * LOW HITPOINT WARNING * * *
A mummy comes into view.
There is an empty arch of ancient stone here.
Okay, then.
There is a gate leading back out of this place here.
A mummy comes into view.
The mummy hits you!
You die...

Action                   |  1- 3 |  4- 6 || total
-------------------------+-------+-------++-------
Melee: Mace              |    77 |       ||    77
       Tailslap          |     4 |    10 ||    14
       Spear             |    36 |   107 ||   143
       Flail             |       |    50 ||    50
 Abil: Rolling Charge    |     1 |     4 ||     5
Evoke: Wand              |       |     3 ||     3
Armor: Leather armour    |    36 |    30 ||    66
Dodge: Dodged            |    52 |    44 ||    96
Block: Buckler           |     2 |    21 ||    23

Levels and vault maps discovered:
D:1:      elethiomel_arrival_infinity_welcomes_careful_drivers,
          layout_loops_cross
D:2:      layout_rooms, ebering_ecumenical_altar_ruins
D:3:      layout_basic, uniq_ijyb
D:4:      layout_loops_ring, enter_ossuary_4, kennysheep_small_spiral
Ossuary:  ossuary_tomb_3

Notes
Turn   | Place    | Note
-------+----------+-------------------------------------------
     0 | Abyss:1  | sanka the Palentonga Abyssal Knight began the quest for the
                  | Orb.
     0 | Abyss:1  | Reached XP level 1. HP: 19/19 MP: 2/2
    47 | D:1      | Escaped the Abyss
   123 | D:1      | Reached XP level 2. HP: 20/25 MP: 3/3
   247 | D:1      | Reached skill level 3 in Maces & Flails
   653 | D:1      | Reached ** piety under Lugonu
   971 | D:1      | Reached XP level 3. HP: 30/31 MP: 4/4
  1608 | D:2      | Found a faded altar of an unknown god.
  1703 | D:2      | Reached XP level 4. HP: 27/37 MP: 5/5
  1905 | D:2      | Reached skill level 4 in Maces & Flails
  2294 | D:3      | Reached skill level 1 in Shields
  2476 | D:3      | Noticed Ijyb
  2482 | D:3      | Killed Ijyb
  2483 | D:3      | Reached skill level 3 in Invocations
  3252 | D:4      | Reached XP level 5. HP: 32/43 MP: 7/7
  3265 | D:4      | Reached skill level 2 in Shields
  3337 | D:4      | HP: 4/43 [gnoll sergeant (4)]
  3343 | D:4      | Reached *** piety under Lugonu
  3344 | D:4      | Reached skill level 4 in Invocations
  3345 | D:4      | Reached XP level 6. HP: 6/50 MP: 7/9
  3608 | D:4      | Reached skill level 5 in Invocations
  3707 | D:4      | Found a sand-covered staircase.
  3715 | Ossuary  | Entered an ossuary
  4032 | Ossuary  | Mangled by a mummy

Vanquished Creatures
  A gnoll sergeant (D:4)
  A centaur skeleton (D:4)
  A hound (D:4)
  An orc priest (D:4)
  An iguana (D:4)
  Ijyb (D:3)
  5 mummies (Ossuary)
  2 gnolls (D:4)
  3 adders
  2 ufetubi (D:4)
  A worm (D:4)
  4 dart slugs
  6 orcs
  11 ball pythons
  9 bats
  5 endoplasms
  3 giant cockroaches
  A gnoll zombie (Ossuary)
  3 goblins (D:1)
  7 hobgoblins
  A quokka (D:2)
  6 frilled lizards
  2 hobgoblin zombies (Ossuary)
  6 kobolds
  3 kobold zombies (Ossuary)
  2 orc zombies (Ossuary)
  9 rats
97 creatures vanquished.
